 Dungeon Crawl Stone Soup version 0.31-b1-22-gc680215f68 (webtiles) character file.

Game seed: 4560924592215221689

256 Inchmeat the Magician (level 5, -3/28 HPs)
             Began as a Deep Elf Conjurer on Jan 19, 2024.
             Slain by a hornet (10 damage)
             ... on level 4 of the Dungeon.
             The game lasted 00:22:48 (4038 turns).

Inchmeat the Magician (Deep Elf Conjurer)           Turns: 4038, Time: 00:22:48

Health: -3/28      AC:  2    Str:  4    XL:     5   Next: 92%
Magic:  24/24      EV: 12    Int: 25    God:
Gold:   154        SH:  0    Dex: 16    Spells: 13/16 levels left

rFire   . . .        d - +7 sling of Liebb {drain, MP+9 Dex+3}
rCold   . . .        (no shield)
rNeg    . . .        a - +0 robe
rPois   .            (no helmet)
rElec   .            (no cloak)
rCorr   .            (no gloves)
SInv    .            (no boots)
Will    .....        j - amulet of magic regeneration
Stlth   ++           W - ring of wizardry
HPRegen 0.24/turn    (no ring)
MPRegen 0.59/turn

%: wizardry (x1)
@: lethally poisoned (-3 -> -9), about to teleport
A: no striking features
a: no special abilities


You were on level 4 of the Dungeon.
You visited 1 branch of the dungeon, and saw 4 of its levels.

You collected 154 gold pieces.

Inventory:

Hand Weapons
 d - the +7 sling of Liebb (weapon) {drain, MP+9 Dex+3}
   (You found it on level 3 of the Dungeon)

   Dex+3:     It affects your dexterity (+3).
   MP+9:      It affects your magic capacity (+9).
 e - a +2 dagger of pain
 k - the +0 whip of the Feather {freeze, Str-4 Int+3 Dex+5 SInv}
   (You found it on level 3 of the Dungeon)

   Str-4:     It affects your strength (-4).
   Int+3:     It affects your intelligence (+3).
   Dex+5:     It affects your dexterity (+5).
   SInv:      It lets you see invisible.
 n - a +0 spear
Armour
 a - a +0 robe (worn)
Magical Staves
 f - a staff of cold
Jewellery
 j - an amulet of magic regeneration (around neck)
 W - a ring of wizardry (left hand)
Wands
 m - a wand of paralysis (3)
Scrolls
 g - 2 scrolls of fog {unknown}
 l - a scroll of enchant armour {unknown}
 o - 2 scrolls of vulnerability
Potions
 b - a potion of magic
 c - a potion of ambrosia {unknown}
 h - a potion of degeneration {unknown}
 p - a potion of enlightenment {unknown}
 q - a potion of curing
 r - a potion of cancellation {unknown}
 s - a potion of haste {unknown}


   Skills:
 - Level 2.5 Dodging
 - Level 2.4 Stealth
 * Level 6.4 Spellcasting
 + Level 6.2 Conjurations


You had 13 spell levels left.
You knew the following spells:

 Your Spells              Type           Power      Damage    Failure   Level
a - Searing Ray           Conj           78%        2d7       1%          2
A - Magic Dart            Conj           100%       1d8       1%          1

Your spell library contained the following spells:

 Spells                   Type           Power      Damage    Failure   Level
 Lesser Beckoning         Tloc           16%        N/A       4%          2
 Gell's Gravitas          Tloc           8%         N/A       9%          3
 Teleport Other           Tloc           8%         N/A       9%          3
 Fulminant Prism          Conj/Alch      11%        3d8       9%          4
 Iskenderun's Mystic Bla  Conj/Tloc      23%        2d6       9%          4


Dungeon Overview and Level Annotations

Branches:
Dungeon (4/15)
 Temple: D:4-7

Altars:
Kikubaaqudgha

Shops:
D:2 (


Message History

g - 2 scrolls labelled FEGRAASTIUN (gained 1)
You now have 139 gold pieces (gained 7).
You now have 154 gold pieces (gained 15).
You see here 3 boomerangs.
A hornet comes into view.
Casting: Magic Dart (safe; 1% risk of failure)
Confirm with . or Enter, or press ? or * to list all spells.
Aiming: Magic Dart (safe; 1% risk of failure)
Press: ? - help, Shift-Dir - straight line, f - hornet
Aim: a hornet (asleep, 100% to hit)
The magic dart hits the hornet.
The hornet is lightly wounded.
The hornet buzzes angrily.
You now have 23/24 mp.
Casting: Magic Dart (safe; 1% risk of failure)
Confirm with . or Enter, or press ? or * to list all spells.
Aiming: Magic Dart (safe; 1% risk of failure)
Press: ? - help, Shift-Dir - straight line, f/p - hornet
Aim: a hornet (lightly wounded, 100% to hit)
The magic dart hits the hornet.
The hornet is moderately wounded.
Okay, then.
Aiming: Paralyse
Press: ? - help, Shift-Dir - straight line, f/p - hornet
Aim: a hornet (moderately wounded, chance to affect: 39%)
The hornet resists with some effort.
The hornet stings you!
You suddenly lose the ability to move!
The hornet stings you!
You are poisoned.
You feel yourself slow down.
You feel yourself speed up.
* * * LOW HITPOINT WARNING * * *
You feel very sick. The hornet completely misses you.
You can move again.
You take 20 damage, and have 8/28 hp.
MASSIVE DAMAGE!!
MP restored: 24
As you read the scroll of teleportation, it crumbles to dust.
You feel strangely unstable.
You feel sick. The hornet barely misses you. The hornet stings you!
You die...

####
#.#######
....
#.....y.#
#### #@#
#.# #(#
##.##
##...##
#..#..#
#.###.#
#..#..#
##....##


You could see a hornet.

Vanquished Creatures
  Jessica (D:3)
  Terence (D:2)
  Natasha (twice) (D:3)
  3 gnolls (D:2)
  5 adders
  A dart slug (D:3)
  A ribbon worm (D:3)
  3 orcs (D:3)
  7 ball pythons
  5 endoplasms
  2 giant cockroaches
  4 goblins
  9 hobgoblins
  3 jackals (D:1)
  5 quokkas
  5 bats
  5 frilled lizards
  9 kobolds
  8 rats
79 creatures vanquished.

Notes
Turn   | Place    | Note
-------+----------+-------------------------------------------
     0 | D:1      | Inchmeat the Deep Elf Conjurer began the quest for the Orb.
     0 | D:1      | Reached XP level 1. HP: 10/10 MP: 6/6
   410 | D:1      | Reached XP level 2. HP: 15/15 MP: 6/8
   455 | D:1      | Learned a level 2 spell: Searing Ray
   629 | D:1      | Reached skill level 5 in Conjurations
  1122 | D:1      | Reached XP level 3. HP: 19/19 MP: 6/10
  1524 | D:2      | Noticed Terence
  1550 | D:2      | Killed Terence
  1822 | D:2      | Reached XP level 4. HP: 24/24 MP: 6/12
  2197 | D:3      | Identified the +0 whip of the Feather {freeze, Str-4 Int+3
                  | Dex+5 SInv}
  2509 | D:3      | Identified the +4 ring mail of Lucidity {Rampage rCorr}
  2624 | D:3      | Noticed Jessica
  2641 | D:3      | Killed Jessica
  2642 | D:3      | Reached skill level 5 in Spellcasting
  2663 | D:3      | Reached XP level 5. HP: 28/28 MP: 12/14
  2677 | D:3      | Noticed Natasha
  2689 | D:3      | Killed Natasha
  2732 | D:3      | Found an ancient bone altar of Kikubaaqudgha.
  2755 | D:3      | Identified the +7 sling of Liebb {drain, MP+9 Dex+3}
  2991 | D:3      | Noticed Natasha
  2997 | D:3      | Killed Natasha
  3527 | D:2      | Found Ulakhlas's Weapon Shoppe.
  4033 | D:4      | Noticed a hornet
  4036 | D:4      | Paralysed by a hornet for 2 turns
  4038 | D:4      | Slain by a hornet

Illustrated notes

Levels and vault maps discovered:
D:1:      dpeg_arrival_rooms_a, layout_loops_ring
D:2:      layout_rooms, serial_shops, nicolae_shop_window_shopping,
          roderic_serpentine_path, nicolae_grassy_gnolls, uniq_terence
D:3:      layout_basic, mainiacjoe_overflow_boulevard, serial_rivers,
          chequers_serial_rivers_room_b, chequers_serial_rivers_marsh,
          chequers_serial_rivers_small_3, chequers_serial_rivers_room_a,
          st_stairs_13, uniq_jessica, uniq_natasha
D:4:      minmay_thinvault, layout_loops_ring, ashenzari_altar_1, uniq_grinder

Skill      XL: |  1  2  3  4  5 |
---------------+----------------+-----
Conjurations   | 5 6 |  6.2
Spellcasting   | 4 5 6 |  6.4
Dodging        | |  2.5
Stealth        | |  2.4

Action                     |  1- 3 |  4- 6 || total
---------------------------+-------+-------++-------
  Melee: Short sword       |     7 |       ||     7
   Cast: Magic Dart        |    64 |    69 ||   133
         Searing Ray       |     7 |    18 ||    25
  Evoke: Wand              |       |     2 ||     2
    Use: Scroll            |     2 |     5 ||     7
         Potion            |       |     2 ||     2
   Stab: Sleeping          |     1 |       ||     1
 Armour: Robe              |    11 |    21 ||    32
  Dodge: Dodged            |    17 |    20 ||    37
